 Dungeon Crawl Stone Soup version 0.27.1-4-g1640c2035a (webtiles) character file.

Game seed: 5921746294022328820

30 styxcanada the Sneak (level 3, 0/18 HPs)
             Began as a Spriggan Brigand on Nov 7, 2021.
             Slain by a gnoll (7 damage)
             ... on level 3 of the Dungeon on Nov 8, 2021.
             The game lasted 00:05:15 (1999 turns).

styxcanada the Sneak (Spriggan Brigand)             Turns: 1999, Time: 00:05:16

Health: 0/18       AC:  4    Str:  7    XL:     3   Next: 5%
Magic:  4/4        EV: 17    Int: 12    God:
Gold:   70         SH:  0    Dex: 17    Spells: 2/2 levels left

rFire    . . .     SeeInvis +   a - +2 dagger
rCold    . . .     Faith    .   (shield restricted)
rNeg     . . .     Spirit   .   b - +0 robe
rPois    .         Reflect  .   (helmet restricted)
rElec    .         Harm     .   h - +1 cloak
rCorr    .         Rampage  .   (gloves unavailable)
Will     .....                  (boots unavailable)
Stlth    ++++......             (no amulet)
HPRegen  0.06/turn              (no ring)
MPRegen  0.09/turn              (no ring)

@: very quick
A: very small, no large weapons, unfitting armour, see invisible, speed 3
a: no special abilities


You were on level 3 of the Dungeon.
You visited 1 branch of the dungeon, and saw 3 of its levels.

You collected 70 gold pieces.

Inventory:

Hand Weapons
 a - a +2 dagger (weapon)
Missiles
 d - 24 poisoned darts (quivered)
 e - 2 curare-tipped darts
 g - 29 stones
 m - 8 silver boomerangs
Armour
 b - a +0 robe (worn)
 h - a +1 cloak (worn)
Scrolls
 c - a scroll of enchant armour {unknown}
 f - a scroll of amnesia {unknown}
 i - 2 scrolls of identify {unknown}
Potions
 j - a potion of lignification {unknown}
 k - 2 potions of might {unknown}
 l - a potion of heal wounds {unknown}
 n - 2 potions of invisibility {unknown}


   Skills:
 * Level 1.9 Fighting
 + Level 2.2 Short Blades
 + Level 2.0 Throwing
 * Level 1.9 Dodging
 * Level 7.0 Stealth


You had 2 spell levels left.
You didn't know any spells.
Your spell library was empty.

Dungeon Overview and Level Annotations

Branches:
Dungeon (3/15)

Altars:
Sif Muna

Shops:
D:1 :


Innate Abilities, Weirdness & Mutations

You are very small and have problems with some larger weapons.
You are too small for most types of armour.
You have supernaturally acute eyesight. (SInv)
You cover ground extremely quickly. (Speed+++)


Message History

You hit the white imp but do no damage.
The white imp is lightly wounded.
The white imp misses you.
You hit the white imp but do no damage.
The white imp is lightly wounded.
The white imp hits you but does no damage.
You hit the white imp but do no damage.
The white imp is lightly wounded.
You completely miss the white imp.
The white imp is lightly wounded.
The white imp misses you.
You hit the white imp but do no damage.
The white imp is lightly wounded.
A gnoll comes into view. It is wielding a +2 spear.
The white imp closely misses you.
The gnoll shouts!
You hit the white imp.
The white imp is moderately wounded.
The white imp gestures at you. The puff of frost misses you.
You hit the white imp.
The white imp is moderately wounded.
The white imp misses you. The gnoll misses you.
You hit the white imp but do no damage.
The white imp is moderately wounded.
The white imp misses you.
The gnoll hits you from afar with a +2 spear.
You closely miss the white imp.
The white imp is moderately wounded.
The white imp hits you but does no damage.
The gnoll hits you from afar with a +2 spear.
The white imp gestures at you. The puff of frost hits you.
Found a scroll labelled TAJAYX WERHAO.
The white imp gestures at you. The puff of frost misses you.
You hit the white imp but do no damage.
The white imp is moderately wounded.
The gnoll hits you from afar with a +2 spear!
You die...

............#.##
#########.###.#
#####.###.######
#..............#
#.###.##..<###.#
#.#.###.# #.#.
...
#.#.#######.#.
.##..
#?.......@5.# ##
...
###.#######g##
## #...# #...##
##...## ##.5g##
##...# ##...#
#∩#...#


You could see a gnoll and a white imp.

Vanquished Creatures
  A ball python (D:1)
  5 endoplasms
  4 giant cockroaches
  4 hobgoblins
  4 bats
  A frilled lizard (D:1)
  3 goblins (D:1)
  A kobold (D:1)
  5 rats (D:1)
28 creatures vanquished.

Notes
Turn   | Place    | Note
-------+----------+-------------------------------------------
     0 | D:1      | styxcanada the Spriggan Brigand began the quest for the
                  | Orb.
     0 | D:1      | Reached XP level 1. HP: 10/10 MP: 2/2
    22 | D:1      | Reached skill level 6 in Stealth
   382 | D:1      | Reached XP level 2. HP: 13/15 MP: 3/3
   737 | D:1      | Found Rudwamna's Book Shoppe.
  1709 | D:2      | Reached skill level 7 in Stealth
  1709 | D:2      | Reached XP level 3. HP: 18/18 MP: 4/4
  1723 | D:2      | Found a faded altar of an unknown god.
  1970 | D:3      | Found a shimmering blue altar of Sif Muna.
  1999 | D:3      | Slain by a gnoll

Illustrated notes

Levels and vault maps discovered:
D:1:      lightli_arrival_lavapool, layout_loops_corners, serial_shops,
          nicolae_shop_stone
D:2:      layout_rooms, shapermc_ecumenical_altar_venn, serial_bayou_pond_e
D:3:      layout_loops_ring, nzn_overflow_gifts_of_might_and_magic,
          grunt_ministairs_14, st_stairs_7

Skill      XL: |  1  2 |
---------------+-------+-----
Stealth        | 6 7 |  7.0
Fighting       | |  1.9
Short Blades   | |  2.2
Throwing       | |  2.0
Dodging        | |  1.9

Action                   || total
-------------------------++-------
Melee: Dagger            ||    81
Throw: Dart              ||     5
 Stab: Sleeping          ||    10
Armor: Robe              ||    11
Dodge: Dodged            ||    43
